 Dungeon Sprint DCSS version 0.19-a0-650-gab89c2a (webtiles) character file.

52831 Groucho the End of an Era (level 14, -5/115 HPs)
             Began as a Demonspawn Gladiator on June 15, 2016.
             Was the Champion of Qazlal.
             Slain by Gloorx Vloq (25 damage)
             ... in the Dungeon (Sprint V: "Ziggurat Sprint").
             The game lasted 00:16:45 (2847 turns).

Groucho the End of an Era (Demonspawn Gladiator)    Turns: 2847, Time: 00:16:45

Health: -5/115     AC: 52    Str: 39    XL:     14   Next: 28%
Magic:  0/38       EV: 10    Int:  9    God:    Qazlal [******]
Gold:   0          SH: 43    Dex: 20    Spells: 0 memorised, 13 levels left

rFire  . . .     SeeInvis .     L - +6 shillelagh "Devastator" {shatter}
rCold  + + .     Gourm    .     J - +15 Maxwell's patent armour {-Cast -Tele rElec MR+ rCorr}
rNeg   + + +     Faith    .     K - +18 shield of the Gong {rElec rN+ MR+ EV-5}
rPois  .         Spirit   +     (helmet restricted)
rElec  +         Dismiss  .     Z - +1 cloak of Immorality {rElec rC+ MP+9 Dex+2}
rCorr  +         Reflect  .     T - +2 pair of gloves {Str+3}
SustAt .         Harm     .     (no boots)
MR     +++..     NoTele   +     M - macabre finger necklace {rN+}
Stlth  .......... NoCast   +    D - +6 ring of strength
                                C - +6 ring of strength
                                V - ring "Datrith" {rElec rN+ Str+7 Int-3 Dex+3}

@: lethally poisoned (-5 -> -25), protected from physical damage,
non-regenerating, diseased, studying 2 skills, repel missiles, extremely
resistant to hostile enchantments, extremely unstealthy
A: claws 1, hooves 2, horns 2, cold resistance 1, icemail, magic shield,
freezing cloud immunity
a: Upheaval, Elemental Force, Disaster Area, Renounce Religion


You were in the Dungeon.
You worshipped Qazlal.
Qazlal was exalted by your worship.
You were not hungry.

You visited 1 branch

Inventory:

Hand Weapons
 I - the +14 obsidian axe {chop, +Fly Str+3 SInv *Curse}
   (You found it in the Dungeon)

   It inflicts extra damage upon your enemies.
   It affects your strength (+3).
   It lets you see invisible.
   It lets you fly.
   It may re-curse itself when equipped.
 L - the +6 shillelagh "Devastator" (weapon) {shatter}
   (You found it in the Dungeon)
Missiles
 d - 3 throwing nets (quivered)
Armour
 a - a +5 gold dragon armour
 J - the +15 Maxwell's patent armour (worn) {-Cast -Tele rElec MR+ rCorr}
   (You found it in the Dungeon)

   It insulates you from electricity.
   It affects your resistance to hostile enchantments.
   It prevents spellcasting.
   It prevents most forms of teleportation.
   It protects you from acid and corrosion.
 K - the +18 shield of the Gong (worn) {rElec rN+ MR+ EV-5}
   (You found it in the Dungeon)

   It affects your evasion (-5).
   It insulates you from electricity.
   It protects you from negative energy.
   It affects your resistance to hostile enchantments.
 T - a +2 pair of gloves of strength (worn)
 Z - the +1 cloak of Immorality (worn) {rElec rC+ MP+9 Dex+2}
   (You found it in the Dungeon)

   It affects your dexterity (+2).
   It protects you from cold.
   It insulates you from electricity.
   It affects your magic capacity (+9).
Jewellery
 y - the amulet "Aregocsi" {+Rage rElec rPois Str+4}
   (You took it off an efreet in the Dungeon)

   [amulet of rage]

   It affects your strength (+4).
   It insulates you from electricity.
   It protects you from poison.
   It lets you go berserk.
 A - the ring of the Mage {Wiz MR++ Int+3}
   (You found it in the Dungeon)

   [ring of wizardry]

   It improves your spell success rate.
   It affects your intelligence (+3).
   It affects your resistance to hostile enchantments.
 C - a +6 ring of strength (left hand)
 D - a +6 ring of strength (right hand)
 M - the macabre finger necklace (around neck) {rN+}
   (You found it in the Dungeon)

   [amulet of nothing]

   It protects you from negative energy.
 S - the amulet "Rifaowk" {RegenMP Int+2 Dex+4}
   (You took it off a spriggan berserker in the Dungeon)

   [amulet of magic regeneration]

   It increases your magic regeneration.
   It affects your intelligence (+2).
   It affects your dexterity (+4).
 U - an uncursed ring of protection from fire
 V - the ring "Datrith" (on amulet) {rElec rN+ Str+7 Int-3 Dex+3}
   (You found it in the Dungeon)

   [ring of positive energy]

   It affects your strength (+7).
   It affects your intelligence (-3).
   It affects your dexterity (+3).
   It insulates you from electricity.
   It protects you from negative energy.
 X - the ring "Iddaq" {+Fly rF+ Int+3}
   (You found it in the Dungeon)

   [ring of flight]

   It affects your intelligence (+3).
   It protects you from fire.
   It lets you fly.
Wands
 E - a wand of disintegration (7/24)
 F - a wand of iceblast (5/15)
 G - a wand of lightning (5/15)
 H - a wand of acid (5/15)
 W - a wand of heal wounds (7/9)
Scrolls
 c - 4 scrolls of enchant weapon
 k - 4 scrolls of blinking
 q - 4 scrolls of amnesia
 r - 3 scrolls of recharging
 s - 7 scrolls of fog
 t - 5 scrolls of identify
 u - 4 scrolls of remove curse
 v - 2 scrolls of fear
 N - 4 scrolls of brand weapon
Potions
 b - 2 potions of brilliance
 e - 8 potions of curing
 g - 6 potions of heal wounds
 h - 5 potions of haste
 i - 6 potions of magic
 j - 3 potions of berserk rage
 l - 2 potions of invisibility
 m - 4 potions of resistance
 n - a potion of experience
 o - 6 potions of agility
 p - 5 potions of might
Books
 z - a manual of Unarmed Combat
 Y - a manual of Throwing
Miscellaneous
 O - a lamp of fire
 P - 4 phantom mirrors
 Q - a disc of storms
 R - a fan of gales
Comestibles
 f - 5 bread rations
 w - 40 fruits
 x - 3 meat rations


   Skills:
 * Level 12.2 Fighting
 - Level 2.6(10.1) Axes
 - Level 14.6(14.7) Maces & Flails
 - Level 1.7 Throwing
 * Level 17.6 Armour
 + Level 8.5 Dodging
 * Level 17.4 Shields
 * Level 2.9 Unarmed Combat
 * Level 23.3 Invocations


You had 13 spell levels left.
You didn't know any spells.

Dungeon Overview and Level Annotations

Branches:
Dungeon (1/1)

Altars:
Ashenzari
Cheibriados
Dithmenos
Elyvilon
Fedhas
Gozag
Hepliaklqana
Kikubaaqudgha
Makhleb
Nemelex Xobeh
Okawaru
Pakellas
Qazlal
Ru
Sif Muna
Trog
Uskayaw
Vehumet
Xom
Yredelemnul
Zin
The Shining One
Beogh
Jiyva
Lugonu

Annotations:
D Azrael, Blork the orc, Gastronok, Geryon, Gloorx Vloq, Grum, Joseph, Khufu, Kirke, Margery, Maud, Murray, Nessos, Nikola, Rupert, Terence


Innate Abilities, Weirdness & Mutations

You have sharp fingernails.
You have hoof-like feet.
You have a pair of horns on your head.
Your flesh is cold resistant. (rC+)
A meltable icy envelope protects you from harm. (AC +10)
When hurt, damage is shared between your health and your magic reserves.
You are immune to freezing clouds.


Message History

* * * LOW HITPOINT WARNING * * *
The Executioner hits you.
* * * LOW HITPOINT WARNING * * *
You feel more protected from physical attacks.
The Executioner hits you but does no damage.
You block Gloorx Vloq's attack.
GONNNNG!
Rupert the Wild comes into view.
He is wielding a vampiric battleaxe.
Unknown command.
You feel much better.
* * * LOW HITPOINT WARNING * * *
You feel sick.
The Executioner hits you but does no damage.
You block the Executioner's attack.
GONNNNG!
You block the Executioner's attack.
PTOANNNG!
The Executioner gestures.
The Executioner seems to speed up.
Gloorx Vloq hits you!!
You die...

...§....§......▓.....(..
....@[.....w...▓..▓.((..
.....§.@§......▓....).).
.....≈.M.zW....▓......(.
▓.@≈.o§z▓ ▓.....).( .
▓▓≈@cWR▓▓ .▓▓▓▓▓▓▓▓▓
..@▓.§.&≈..▓V..▓.....8©8
.....§z&1......▓..)=)=[=
......1@2V.....▓..})=)..
▓▓▓▓▓▓▓▓▓▓▓▓▓▓▓▓......†.
▓.......† ▓........
▓........ ▓........
▓..▓..... ▓.▓▓▓....
▓..▓.....


You could see Gloorx Vloq, Geryon, Khufu, Margery, Murray, Gastronok, Rupert,
Maud, Kirke, Azrael, a hell beast, Nessos, 2 Executioners, Joseph, a jiangshi, a
flayed ghost, a freezing wraith, a vampire, Blork the orc and 2 flying skulls.

Vanquished Creatures
  A tentacled starspawn (D)
  Agnes (D)
  A shadow dragon (D)
  A frost giant (D)
  3 fire giants (D)
  A reaper (D)
  2 ghouls (D)
  2 stone giants (D)
  A dire elephant (D)
  A great orb of eyes (D)
  7 fire dragons (D)
  2 spriggan air magi (D)
  A satyr (D)
  5 hell hogs (D)
  3 spriggan berserkers (D)
  6 soul eaters (D)
  A skeletal warrior (D)
  4 hill giants (D)
  2 shambling mangroves (D)
  2 wolf spiders (D)
  An oklob plant (D)
  A shining eye (D)
  4 cyclopes (D)
  3 hornets (D)
  2 eyes of devastation (D)
  3 naga magi (D)
  A spiny frog (D)
  A tormentor (D)
  4 efreet (D)
  2 demonic crawlers (D)
  2 jumping spiders (D)
  2 trolls (D)
  2 wind drakes (D)
  2 merfolk (D)
  3 two-headed ogres (D)
  8 slime creatures (D)
  Prince Ribbit (D)
  2 flying skulls (D)
  3 spriggans (D)
  2 shadows (D)
  A tarantella (D)
  A wraith (D)
  6 fire elementals (D)
  2 golden eyes (D)
  A hippogriff (D)
  3 water moccasins (D)
  5 hell hounds (D)
  2 giant eyeballs (D)
  3 black bears (D)
  4 wasps (D)
  A necrophage (D)
  3 ogres (D)
  2 eyes of draining (D)
  4 wolves (D)
  A giant frog (D)
  3 jellies (D)
  Crazy Yiuf (D)
  4 iron imps (D)
  Jessica (D)
  3 iguanas (D)
  2 small abominations (D)
  4 sheep (D)
  A mummy (D)
  2 adders (D)
  2 shadow imps (D)
  3 white imps (D)
  An ufetubus (D)
  2 oozes (D)
  A spectral adder (D)
  2 adder zombies (D)
  A spectral bat (D)
  A bat skeleton (D)
  2 jackals (D)
  2 ball pythons (D)
  A ball python zombie (D)
  A giant gecko skeleton (D)
  5 giant gecko zombies (D)
  A jackal skeleton (D)
  A jackal zombie (D)
  A quokka skeleton (D)
  2 spectral giant cockroaches (D)
  A spectral giant gecko (D)
  2 spectral quokkas (D)
  8 fire vortices (D)
  A starspawn tentacle (D)
197 creatures vanquished.

Vanquished Creatures (others)
  Maurice (D)
  A starspawn tentacle (D)
  A starspawn tentacle segment (D)
3 creatures vanquished.

Grand Total: 200 creatures vanquished

Notes
Turn   | Place    | Note
--------------------------------------------------------------
     0 | D        | Groucho the Demonspawn Gladiator began the quest for the Orb.
     0 | D        | Reached XP level 1. HP: 16/16 MP: 1/1
    12 | D        | Found a shimmering altar of Xom.
    15 | D        | Found a blossoming altar of Fedhas.
    15 | D        | Found a viscous altar of Jiyva.
    15 | D        | Found a snail-covered altar of Cheibriados.
    15 | D        | Found a roughly hewn altar of Beogh.
    15 | D        | Found a corrupted altar of Lugonu.
    15 | D        | Found a white marble altar of Elyvilon.
    17 | D        | Found a deep blue altar of Sif Muna.
    17 | D        | Found a burning altar of Makhleb.
    17 | D        | Found a bloodstained altar of Trog.
    17 | D        | Found an iron altar of Okawaru.
    17 | D        | Found a sparkling altar of Nemelex Xobeh.
    17 | D        | Found a radiant altar of Vehumet.
    64 | D        | Became a worshipper of Qazlal Stormbringer
    80 | D        | Entered arena 1.
    80 | D        | Noticed an iguana
    80 | D        | Noticed a sheep
    82 | D        | Killed a sheep
    82 | D        | Reached skill level 3 in Invocations
    82 | D        | Gained mutation: Your flesh is cold resistant. (rC+) [demonic ancestry]
    82 | D        | Reached XP level 2. HP: 22/22 MP: 1/4
    82 | D        | Reached skill level 4 in Invocations
    82 | D        | Gained mutation: You have a pair of small horns on your head. [demonic ancestry]
    82 | D        | Reached XP level 3. HP: 27/27 MP: 1/6
   136 | D        | Entered arena 2.
   136 | D        | Noticed a water moccasin
   139 | D        | Killed a water moccasin
   139 | D        | Reached * piety under Qazlal
   139 | D        | Reached skill level 6 in Invocations
   139 | D        | Reached XP level 4. HP: 33/33 MP: 6/8
   139 | D        | Gained mutation: You have large cloven feet. [demonic ancestry]
   139 | D        | Reached XP level 5. HP: 38/38 MP: 6/9
   272 | D        | Entered arena 3.
   274 | D        | Reached ** piety under Qazlal
   291 | D        | Entered arena 4.
   293 | D        | Reached *** piety under Qazlal
   293 | D        | Reached skill level 7 in Invocations
   306 | D        | Entered arena 5.
   306 | D        | Noticed a giant eyeball
   306 | D        | Noticed a golden eye
   306 | D        | Noticed a golden eye
   306 | D        | Noticed an eye of draining
   307 | D        | Killed a giant eyeball
   307 | D        | Reached **** piety under Qazlal
   307 | D        | Reached skill level 5 in Maces & Flails
   307 | D        | Reached skill level 5 in Armour
   307 | D        | Reached skill level 5 in Shields
   307 | D        | Reached skill level 8 in Invocations
   307 | D        | Gained mutation: You are immune to freezing clouds. [demonic ancestry]
   307 | D        | Reached XP level 6. HP: 44/44 MP: 10/12
   308 | D        | Reached skill level 9 in Invocations
   313 | D        | Killed a golden eye
   313 | D        | Gained mutation: A meltable icy envelope protects you from harm. (AC +10) [demonic ancestry]
   313 | D        | Reached XP level 7. HP: 50/50 MP: 2/14
   315 | D        | Killed a golden eye
   315 | D        | Reached skill level 10 in Invocations
   499 | D        | Entered arena 6.
   499 | D        | Noticed a slime creature
   499 | D        | Noticed a slime creature
   499 | D        | Noticed a slime creature
   504 | D        | Killed a slime creature
   504 | D        | Reached skill level 11 in Invocations
   506 | D        | Killed a slime creature
   506 | D        | Gained mutation: You have hoof-like feet. [demonic ancestry]
   506 | D        | Reached XP level 8. HP: 56/56 MP: 1/16
   508 | D        | Reached ***** piety under Qazlal
   512 | D        | Killed a slime creature
   512 | D        | Reached skill level 12 in Invocations
   621 | D        | Entered arena 7.
   621 | D        | Noticed a merfolk
   621 | D        | Noticed a merfolk
   621 | D        | Noticed a cyclops
   630 | D        | Killed a merfolk
   632 | D        | Killed a cyclops
   632 | D        | Reached XP level 9. HP: 50/61 MP: 18/18
   635 | D        | Reached skill level 13 in Invocations
   640 | D        | Killed a merfolk
   671 | D        | Entered arena 8.
   671 | D        | Noticed a naga mage
   671 | D        | Noticed a naga mage
   671 | D        | Noticed a naga mage
   677 | D        | Reached skill level 10 in Armour
   677 | D        | Reached ****** piety under Qazlal
   682 | D        | Killed a naga mage
   682 | D        | Reached skill level 10 in Maces & Flails
   682 | D        | Reached skill level 10 in Shields
   682 | D        | Killed a naga mage
   682 | D        | Reached skill level 14 in Invocations
   687 | D        | Killed a naga mage
   699 | D        | Got the ring "Manaalie" {Fire rElec}
  1039 | D        | Entered arena 9.
  1039 | D        | Noticed a spiny frog
  1053 | D        | Killed a spiny frog
  1053 | D        | Gained mutation: You have sharp fingernails. [demonic ancestry]
  1053 | D        | Reached XP level 10. HP: 61/67 MP: 20/20
  1068 | D        | Entered arena 10.
  1073 | D        | Reached skill level 15 in Invocations
  1082 | D        | Got the ring "Quphe" {+Fly rPois}
  1088 | D        | Entered arena 11.
  1089 | D        | Noticed a hornet
  1089 | D        | Noticed a wolf spider
  1090 | D        | Noticed a wolf spider
  1098 | D        | Killed a wolf spider
  1104 | D        | Killed a wolf spider
  1104 | D        | Reached skill level 16 in Invocations
  1108 | D        | Killed a hornet
  1513 | D        | Entered arena 12.
  1514 | D        | Noticed a tentacled starspawn
  1525 | D        | Killed a tentacled starspawn
  1525 | D        | Reached XP level 11. HP: 54/72 MP: 23/23
  1527 | D        | Reached skill level 17 in Invocations
  1550 | D        | Got the ring "Dayheb" {AC+2 Int+3}
  1563 | D        | Entered arena 13.
  1564 | D        | Noticed a spriggan air mage
  1564 | D        | Noticed a dire elephant
  1564 | D        | Noticed a spriggan air mage
  1565 | D        | Noticed a spriggan berserker
  1565 | D        | Noticed a spriggan berserker
  1565 | D        | Noticed a spriggan berserker
  1567 | D        | Noticed a satyr
  1567 | D        | Noticed a shambling mangrove
  1567 | D        | Noticed a shambling mangrove
  1569 | D        | Noticed a death yak
  1574 | D        | Killed a satyr
  1574 | D        | Killed a spriggan berserker
  1574 | D        | Killed a shambling mangrove
  1577 | D        | Killed a shambling mangrove
  1577 | D        | Reached skill level 18 in Invocations
  1577 | D        | Killed a spriggan air mage
  1577 | D        | Killed a spriggan berserker
  1588 | D        | Killed a dire elephant
  1591 | D        | Killed a spriggan air mage
  1591 | D        | Reached XP level 12. HP: 37/78 MP: 10/25
  1599 | D        | Got the amulet "Rifaowk" {RegenMP Int+2 Dex+4}
  1910 | D        | Got the ring "Datrith" {rElec rN+ Str+7 Int-3 Dex+3}
  1918 | D        | Entered arena 14.
  1919 | D        | Noticed a great orb of eyes
  1921 | D        | Reached skill level 19 in Invocations
  1921 | D        | Killed a great orb of eyes
  2125 | D        | Entered arena 15.
  2126 | D        | Noticed a reaper
  2128 | D        | Killed a reaper
  2128 | D        | Reached skill level 20 in Invocations
  2148 | D        | Got the ring "Iddaq" {+Fly rF+ Int+3}
  2150 | D        | Got the ring of the Bouncing Nights {+Inv rPois rF+ rN+ Str-5}
  2152 | D        | Entered arena 16.
  2156 | D        | Noticed a hell hog
  2157 | D        | Noticed a fire dragon
  2157 | D        | Noticed a fire dragon
  2157 | D        | Noticed a fire dragon
  2160 | D        | Noticed a fire giant
  2161 | D        | Noticed a fire dragon
  2161 | D        | Killed a fire giant
  2161 | D        | Reached skill level 5 in Fighting
  2161 | D        | Reached skill level 15 in Armour
  2161 | D        | Reached skill level 15 in Shields
  2161 | D        | Killed a fire dragon
  2163 | D        | Killed a fire dragon
  2165 | D        | Killed a hell hog
  2172 | D        | Killed a fire dragon
  2172 | D        | Gained mutation: When hurt, damage is shared between your health and your magic reserves. [demonic ancestry]
  2172 | D        | Reached XP level 13. HP: 42/95 MP: 19/27
  2179 | D        | Killed a fire dragon
  2179 | D        | Reached skill level 5 in Dodging
  2567 | D        | Got the +1 cloak of Immorality {rElec rC+ MP+9 Dex+2}
  2585 | D        | Entered arena 17.
  2588 | D        | Noticed a frost giant
  2588 | D        | Noticed a stone giant
  2589 | D        | Noticed a stone giant
  2596 | D        | Reached skill level 21 in Invocations
  2596 | D        | Killed a stone giant
  2596 | D        | Killed a frost giant
  2605 | D        | Killed a stone giant
  2640 | D        | Entered arena 18.
  2642 | D        | Noticed a ghoul
  2643 | D        | Noticed a ghoul
  2643 | D        | Noticed a shadow dragon
  2644 | D        | Killed a ghoul
  2644 | D        | Reached skill level 10 in Fighting
  2644 | D        | Reached skill level 22 in Invocations
  2644 | D        | Killed a ghoul
  2652 | D        | Killed a shadow dragon
  2681 | D        | Got the ring "Ylehebon" {*Drain +Fly rPois Str+2 Stlth+}
  2685 | D        | Got the ring of Ryofinli {*Contam rPois rC+ Str+3 SInv}
  2709 | D        | Entered arena 19.
  2713 | D        | Noticed a fire giant
  2713 | D        | Noticed a fire dragon
  2714 | D        | Noticed a fire giant
  2714 | D        | Noticed a fire dragon
  2714 | D        | Noticed a fire dragon
  2719 | D        | Killed a fire dragon
  2719 | D        | Killed a fire giant
  2719 | D        | Gained mutation: You have a pair of horns on your head. [demonic ancestry]
  2719 | D        | Reached XP level 14. HP: 82/113 MP: 27/29
  2719 | D        | Reached skill level 23 in Invocations
  2719 | D        | Killed a fire giant
  2735 | D        | Got the amulet "Aregocsi" {+Rage rElec rPois Str+4}
  2827 | D        | Entered arena 20.
  2830 | D        | Noticed Crazy Yiuf
  2831 | D        | Noticed Nessos
  2831 | D        | Noticed Gloorx Vloq
  2831 | D        | Noticed Agnes
  2832 | D        | Noticed an Executioner
  2832 | D        | Noticed Murray
  2833 | D        | Noticed Jessica
  2834 | D        | Noticed Prince Ribbit
  2835 | D        | Noticed an Executioner
  2835 | D        | Noticed an Executioner
  2835 | D        | Noticed an Executioner
  2835 | D        | Noticed an Executioner
  2835 | D        | Killed Jessica
  2836 | D        | Killed Agnes
  2837 | D        | Killed Prince Ribbit
  2838 | D        | Noticed an Executioner
  2838 | D        | Noticed an Executioner
  2838 | D        | Noticed an Executioner
  2838 | D        | Noticed Kirke
  2838 | D        | Noticed Geryon
  2838 | D        | Killed Crazy Yiuf
  2840 | D        | Noticed Margery
  2840 | D        | Noticed Terence
  2841 | D        | Noticed Grum
  2841 | D        | Noticed Azrael
  2841 | D        | Noticed Blork the orc
  2843 | D        | Noticed Nikola
  2843 | D        | Noticed Joseph
  2844 | D        | Noticed Gastronok
  2845 | D        | Noticed Khufu
  2845 | D        | Killed Maurice
  2846 | D        | Noticed Maud
  2846 | D        | HP: 5/114 [Executioner[Gloorx Vloq] (10)]
  2846 | D        | HP: 2/114 [Executioner[Gloorx Vloq] (3)]
  2847 | D        | Noticed Rupert
  2847 | D        | Slain by Gloorx Vloq

Vault maps used:
D:        sprint_v

Skill      XL: |  1  2  3  4  5  6  7  8  9 10 11 12 13 14 |
---------------+-------------------------------------------+-----
Maces & Flails | 2 4 5 6 8 9 10 12 14 | 14.6
Armour         | 2 4 5 6 8 9 10 12 14 15 17 | 17.6
Shields        | 2 4 5 6 8 9 10 12 13 15 17 | 17.4
Invocations    | 3 4 6 8 9 11 12 14 16 18 20 22 23 | 23.3
Fighting       | 6 11 12 | 12.2
Dodging        | 4 7 8 |  8.5
Unarmed Combat | 2 |  2.9
Axes           | |  2.6
Throwing       | |  1.7

Action                   |  1- 3 |  4- 6 |  7- 9 | 10-12 | 13-15 || total
-------------------------+-------+-------+-------+-------+-------++-------
Melee: Shillelagh        |     2 |    10 |    38 |    91 |    33 ||   174
       Kick              |       |     3 |    10 |    31 |    18 ||    62
       Headbutt          |       |     3 |     7 |    29 |     8 ||    47
Invok: Upheaval          |       |     2 |     2 |     2 |     5 ||    11
       Disaster Area     |       |       |     1 |     5 |     3 ||     9
Evoke: Fan of gales      |       |       |       |       |     1 ||     1
  Use: Scroll            |     1 |       |       |       |       ||     1
       Potion            |       |       |     1 |     3 |     4 ||     8
  Eat: Fruit             |       |       |       |     2 |       ||     2
       Meat ration       |       |       |       |     1 |       ||     1
Armor: Plate armour      |       |     1 |    24 |    56 |    36 ||   117
Dodge: Dodged            |       |       |     2 |     8 |    14 ||    24
       Deflected         |       |       |       |     1 |     1 ||     2
Block: Shield            |     1 |     6 |    80 |   181 |    92 ||   360
